 Dungeon Crawl Stone Soup version 0.17.0-23-g0de4337 (webtiles) character file.

5818 Ordine the Thaumaturge (level 10, -6/50 HPs)
             Began as a Deep Elf Wizard on Nov 13, 2015.
             Was a Believer of Sif Muna.
             Shot themself with a fireball (12 damage)
             ... on level 8 of the Dungeon.
             The game lasted 01:09:24 (14425 turns).

Ordine the Thaumaturge (Deep Elf Wizard)           Turns: 14425, Time: 01:09:24

Health: -6/50      AC:  7    Str:  7    XL:     10   Next: 51%
Magic:  2/27       EV: 24    Int: 27    God:    Sif Muna [**....]
Gold:   321        SH:  0    Dex: 25    Spells: 6 memorised, 16 levels left

rFire  + . .     SeeInvis .     v - +7 war axe "Impi" {chop, rF+ Str+3 Dex+4}
rCold  . . .     Clarity  .     u - +2 robe
rNeg   . . .     SustAt   .     (no shield)
rPois  .         Gourm    .     b - +0 hat
rElec  .         Spirit   .     y - +2 cloak
rCorr  .         Warding  .     (no gloves)
rMut   .         Stasis   .     (no boots)
MR     +....                    (no amulet)
Stlth  ++++......               r - ring of wizardry
                                E - +3 ring of dexterity

@: agile, lethally poisoned (-6 -> -13), exhausted, very slightly contaminated,
slowed, repel missiles, very slow, somewhat resistant to hostile enchantments,
stealthy
A: no striking features
a: Channel Energy, Forget Spell, Renounce Religion


You were on level 8 of the Dungeon.
You worshipped Sif Muna.
Sif Muna was pleased with you.
You were very hungry.

You visited 2 branches of the dungeon, and saw 10 of its levels.

You collected 321 gold pieces.

Inventory:

Hand Weapons
 v - the +7 war axe "Impi" (weapon) {chop, rF+ Str+3 Dex+4}
   (You found it on level 6 of the Dungeon)

   It inflicts extra damage upon your enemies.
   It affects your strength (+3).
   It affects your dexterity (+4).
   It protects you from fire.
Armour
 b - a +0 hat (worn)
 u - a +2 robe (worn)
 y - a +2 cloak (worn)
Magical Staves
 k - an uncursed staff of air
Jewellery
 r - a ring of wizardry (right hand)
 E - a +3 ring of dexterity (left hand)
Wands
 g - a wand of disintegration (10)
 x - a wand of fireball (12)
Scrolls
 l - a scroll of fog
 o - 5 scrolls of remove curse
 s - 4 scrolls of enchant armour
 C - a scroll of enchant weapon
Potions
 e - 2 potions of magic
 j - 3 potions of flight
 p - a potion of cancellation
 w - a potion of berserk rage
 D - a potion of agility
Books
 c - a book of Minor Magic

   Spells                             Type                      Level
   a - Magic Dart                     Conjuration                  1
   b - Blink                          Translocation                2
   c - Call Imp                       Summoning                    2
   d - Repel Missiles                 Charms/Air                   2
   e - Slow                           Hexes                        2
   f - Conjure Flame                  Conjuration/Fire             3
   g - Mephitic Cloud                 Conjuration/Poison/Air       3
 f - a Necronomicon

   Spells                             Type                      Level
   a - Haunt                          Necromancy/Summoning         7
   b - Borgnjor's Revivification      Necromancy                   8
   c - Death's Door                   Charms/Necromancy            8
   d - Necromutation                  Transmutation/Necromancy     8
 t - a book of the Tempests

   Spells                             Type                      Level
   a - Static Discharge               Conjuration/Air              3
   b - Lightning Bolt                 Conjuration/Air              5
   c - Fireball                       Conjuration/Fire             5
   d - Tornado                        Air                          9
   e - Shatter                        Earth                        9
Comestibles
 a - a slice of pizza
 d - 2 bread rations
 m - 3 meat rations
 B - a beef jerky


   Skills:
 + Level 6.8 Dodging
 - Level 2.4 Stealth
 * Level 11.8 Spellcasting
 + Level 7.7 Conjurations
 - Level 3.0 Charms
   Level 1.1 Summonings
 - Level 3.0 Translocations
 + Level 5.6 Fire Magic
 + Level 5.2 Air Magic
 + Level 5.7 Evocations


You had 16 spell levels left.
You knew the following spells:

 Your Spells              Type           Power        Failure   Level  Hunger
a - Magic Dart            Conj           ####         1%          1    None
b - Blink                 Tloc           N/A          1%          2    None
c - Conjure Flame         Conj/Fire      ######..     1%          3    None
d - Mephitic Cloud        Conj/Pois/Air  #####...     1%          3    None
e - Repel Missiles        Chrm/Air       #####.       1%          2    None
f - Fireball              Conj/Fire      ######....   3%          5    ###....


Dungeon Overview and Level Annotations

Branches:
Dungeon (9/15)             Temple (1/1) D:6
   Lair: D:8-11         Orc: D:9-12

Altars:
Ashenzari
Cheibriados
Dithmenos
Elyvilon
Fedhas
Gozag
Kikubaaqudgha
Makhleb
Nemelex Xobeh
Okawaru
Qazlal
Ru
Sif Muna
Vehumet
Xom
Yredelemnul
Zin
The Shining One
Jiyva


Message History

You feel sick.
You channel some magical energy.
You feel somewhat more hungry.
* * * LOW HITPOINT WARNING * * *
You feel sick.
Casting: Magic Dart
Confirm with . or Enter, or press ? or * to list all spells.
You don't know that spell.
Casting: Magic Dart
Confirm with . or Enter, or press ? or * to list all spells.
You can't see any susceptible monsters within range! (Use Z to cast anyway.)
Casting: Magic Dart
Confirm with . or Enter, or press ? or * to list all spells.
You can't see any susceptible monsters within range! (Use Z to cast anyway.)
Casting: Magic Dart
Confirm with . or Enter, or press ? or * to list all spells.
Aiming: Fireball
Press: ? - help, Shift-Dir - straight line, f - you Really target yourself?
The fireball explodes!
The fireball engulfs you! You resist.
You die...

##...####......########## #..
#.........####..>.......## #..
#.........# ######..##..######..
#.........####### ##.###....(.#).
.........)...(..####.########....
.........######....#...####......
........[## ##..............###..
#.........###..>.)[........####..
#........(.##...@..<.##.##=..###.
#........#...........##........##
####.................##.....##...
..........####......[##.....#####
....###.### ##....#..#.....# #
#..## #.# ####.#........# # #.##
#.# #..###...>.# ### #.# #.#
##.###.....###.. #.# ##.#
#..##.........#


There were no monsters in sight!

Vanquished Creatures
  The ghost of bezhaha the Destroyer, a novice DEWz of Sif Muna (D:9)
  Pikel (D:4)
  A two-headed ogre (D:8)
  A hippogriff (D:8)
  2 hungry ghosts
  A mottled dragon (D:9)
  A phantom (D:5)
  7 sky beasts
  2 orc warriors
  A black bear (D:8)
  2 ice beasts
  A necrophage (D:3)
  8 ogres
  A centaur (D:7)
  A big kobold (D:7)
  A giant frog (D:6)
  A wyvern zombie (D:8)
  A scorpion (D:5)
  A water moccasin skeleton (D:6)
  4 wights
  12 killer bees
  A wasp zombie (D:6)
  4 crimson imps
  A giant frog zombie (D:8)
  Ijyb (D:2)
  2 centaur skeletons (D:5)
  7 jellies
  A giant frog skeleton (D:5)
  4 worker ants
  Jessica (D:3)
  2 hounds
  3 orc priests
  4 orc wizards
  A mummy (D:6)
  3 gnolls (D:4)
  A worker ant zombie (D:5)
  8 adders
  4 shadow imps
  4 oozes
  2 adder skeletons
  An adder zombie (D:4)
  2 worms
  3 giant geckos
  21 orcs
  A ball python (D:3)
  3 hobgoblins
  14 jackals
  16 kobolds
  2 quokkas
  7 bats
  2 giant cockroaches
  5 giant newts
  14 goblins
  2 jackal skeletons (D:6)
  A jackal zombie (D:9)
  2 quokka skeletons
  9 rats
  2 toadstools
212 creatures vanquished.

Vanquished Creatures (others)
  2 orc priests (D:5)
  An orc wizard (D:5)
  2 orcs (D:5)
  A quokka (D:5)
  3 toadstools (D:1)
9 creatures vanquished.

Grand Total: 221 creatures vanquished

Notes
Turn   | Place    | Note
--------------------------------------------------------------
     0 | D:1      | Ordine the Deep Elf Wizard began the quest for the Orb.
     0 | D:1      | Reached XP level 1. HP: 10/10 MP: 7/7
   171 | D:1      | Reached XP level 2. HP: 15/15 MP: 1/9
   415 | D:1      | Learned a level 2 spell: Blink
   555 | D:1      | Reached skill level 5 in Spellcasting
   702 | D:1      | Reached XP level 3. HP: 19/19 MP: 7/11
   707 | D:1      | Learned a level 3 spell: Conjure Flame
   711 | D:1      | Learned a level 3 spell: Mephitic Cloud
   714 | D:1      | Learned a level 2 spell: Repel Missiles
  1481 | D:2      | Found a glowing golden altar of the Shining One.
  1673 | D:2      | Noticed Ijyb
  1857 | D:2      | Killed Ijyb
  1857 | D:2      | Reached XP level 4. HP: 22/24 MP: 0/13
  2472 | D:3      | Noticed a necrophage
  2484 | D:3      | Killed a necrophage
  2484 | D:3      | Reached skill level 6 in Spellcasting
  2484 | D:3      | Reached XP level 5. HP: 28/28 MP: 2/15
  2977 | D:3      | Noticed an ogre
  3066 | D:3      | Killed an ogre
  3066 | D:3      | Reached skill level 1 in Charms
  3066 | D:3      | Reached skill level 1 in Fire Magic
  3066 | D:3      | Reached skill level 1 in Evocations
  3066 | D:3      | Reached XP level 6. HP: 32/32 MP: 6/17
  3375 | D:3      | Noticed Jessica
  3378 | D:3      | Killed Jessica
  3608 | D:4      | Reached skill level 1 in Air Magic
  4234 | D:4      | Reached XP level 7. HP: 22/36 MP: 0/19
  4403 | D:5      | Entered Level 5 of the Dungeon
  4459 | D:5      | Reached skill level 7 in Spellcasting
  4585 | D:5      | Found a viscous altar of Jiyva.
  4873 | D:5      | Reached skill level 5 in Conjurations
  5206 | D:5      | Reached skill level 8 in Spellcasting
  5309 | D:5      | Reached XP level 8. HP: 41/41 MP: 14/22
  5547 | D:5      | Noticed Pikel
  5748 | D:4      | Killed Pikel
  6604 | D:6      | Reached skill level 9 in Spellcasting
  7074 | D:6      | Got a bloodstained war axe
  7075 | D:6      | Identified the +7 war axe "Impi" {chop, rF+ Str+3 Dex+4} (You found it on level 6 of the Dungeon)
  7616 | D:6      | Found a snail-covered altar of Cheibriados.
  7910 | D:6      | Found a staircase to the Ecumenical Temple.
  7916 | Temple   | Entered the Ecumenical Temple
  8115 | Temple   | Upgraded the game from 0.17.0-22-g5edae84 to 0.17.0-23-g0de4337
  8233 | D:6      | Reached XP level 9. HP: 45/45 MP: 20/24
  8403 | D:6      | Found a white marble altar of Elyvilon.
  8905 | D:7      | Found a deep blue altar of Sif Muna.
  8910 | D:7      | Became a worshipper of Sif Muna the Loreminder
  9435 | D:6      | Reached skill level 10 in Spellcasting
  9617 | D:7      | Found a shimmering altar of Xom.
  9919 | D:7      | Reached skill level 5 in Dodging
 10073 | D:7      | Learned a level 5 spell: Fireball
 10264 | D:7      | Found a sparkling altar of Nemelex Xobeh.
 10517 | D:7      | Reached * piety under Sif Muna
 11352 | D:8      | Reached skill level 5 in Fire Magic
 11352 | D:8      | Reached skill level 5 in Evocations
 11757 | D:9      | Reached skill level 11 in Spellcasting
 11842 | D:8      | Reached XP level 10. HP: 27/50 MP: 0/27
 12628 | D:8      | Reached ** piety under Sif Muna
 14008 | D:9      | Noticed bezhaha's ghost (novice DEWz)
 14188 | D:8      | Reached skill level 5 in Air Magic
 14403 | D:9      | Killed bezhaha's ghost
 14425 | D:8      | Shot themself with a fireball

Action                   |  1- 3 |  4- 6 |  7- 9 | 10-12 || total
-------------------------+-------+-------+-------+-------++-------
Melee: Unarmed           |     1 |       |       |       ||     1
       Dagger            |     7 |     6 |     7 |       ||    20
       Staff             |       |     6 |       |       ||     6
       War axe           |       |       |    31 |     3 ||    34
 Cast: Magic Dart        |    84 |   135 |   494 |   162 ||   875
       Conjure Flame     |     2 |     2 |    12 |     6 ||    22
       Mephitic Cloud    |     2 |     5 |    27 |     3 ||    37
       Blink             |     1 |     2 |    17 |    14 ||    34
       Repel Missiles    |     1 |       |       |       ||     1
       Fireball          |       |       |     4 |    10 ||    14
Invok: Channel Energy    |       |       |       |     3 ||     3
  Use: Scroll            |     3 |     8 |    15 |     1 ||    27
       Potion            |       |     2 |     4 |     3 ||     9
 Stab: Confused          |     2 |     1 |     2 |       ||     5
       Invisible         |       |       |     1 |       ||     1
  Eat: Chunk             |     2 |     8 |    17 |     5 ||    32
       Pizza             |       |       |     1 |       ||     1
       Bread ration      |       |       |     1 |     1 ||     2
       Fruit             |       |       |     1 |     1 ||     2
